 Dungeon Crawl Stone Soup version 0.29.0-4-gdea44cf6ec (webtiles) character file.

Game seed: 777392739656264157

17 qw the Caller (level 2, 23/23 HPs)
             Began as a Ghoul Summoner on Sept 10, 2022.
             Quit the game on level 1 of the Dungeon.
             The game lasted 00:08:06 (2207 turns).

qw the Caller (Ghoul Summoner)                      Turns: 2207, Time: 00:08:07

Health: 23/23      AC:  5    Str: 11    XL:     2   Next: 62%
Magic:  3/3        EV: 10    Int: 10    God:
Gold:   68         SH:  0    Dex:  9    Spells: 3/4 levels left

rFire   . . .      SeeInvis .   Y - +0 trident
rCold   + . .      Faith    .   (no shield)
rNeg    + + +      Spirit   .   g - +0 ring mail
rPois   inf        Reflect  .   (no helmet)
rElec   .          Harm     .   (no cloak)
rCorr   .          Rampage  .   (no gloves)
Will    .....                   (no boots)
Stlth   +.........              (no amulet)
HPRegen 0.07/turn               (no ring)
MPRegen 0.08/turn               (no ring)

@: no status effects
A: claws 1, cold resistance 1, negative energy resistance 3, inhibited
regeneration, torment resistance 2, devour on kill
a: no special abilities


You were on level 1 of the Dungeon.
You visited 1 branch of the dungeon, and saw 1 of its levels.

You collected 68 gold pieces.


Innate Abilities, Weirdness & Mutations

You are immune to poison.
You have sharp fingernails.
Your flesh is cold resistant. (rC+)
You are immune to negative energy. (rN+++)
You do not regenerate when monsters are visible.
You are immune to unholy pain and torment.
You thrive by killing the living.


   Skills:
 - Level 1.1 Fighting
 + Level 1.5 Axes
 - Level 1.7 Dodging
 - Level 2.1 Stealth
 - Level 1.7 Spellcasting
 - Level 3.6 Summonings


You had 3 spell levels left.
You knew the following spells:

 Your Spells              Type           Power      Damage    Failure   Level
a - Summon Small Mammal   Summ           32%        N/A       19%         1

Your spell library contained the following spells:

 Spells                   Type           Power      Damage    Failure   Level
 Call Imp                 Summ           8%         N/A       26%         2
 Call Canine Familiar     Summ           8%         N/A       47%         3
 Summon Guardian Golem    Hex/Summ       4%         N/A       75%         3
 Summon Lightning Spire   Summ/Air       4%         N/A       98%         4

Inventory:

Hand Weapons
 Y - a +0 trident (weapon)
Armour
 g - a +0 ring mail (worn)
Potions
 d - a potion of cancellation {unknown}

Dungeon Overview and Level Annotations

Branches:
Dungeon (1/15)

Altars:


Message History

2194 ||| Stepping randomly (stuck).
Done exploring.
Done exploring.
2195 ||| Stepping randomly (stuck).
Done exploring.
Done exploring.
2196 ||| Stepping randomly (stuck).
Done exploring.
Done exploring.
2197 ||| Stepping randomly (stuck).
Done exploring.
Done exploring.
2198 ||| Stepping randomly (stuck).
Done exploring.
Done exploring.
2199 ||| Stepping randomly (stuck).
Done exploring.
Done exploring.
2200 ||| Stepping randomly (stuck).
Done exploring.
Done exploring.
2201 ||| Stepping randomly (stuck).
Done exploring.
Done exploring.
2202 ||| Stepping randomly (stuck).
Done exploring.
Done exploring.
2203 ||| Stepping randomly (stuck).
Done exploring.
Done exploring.
2204 ||| Stepping randomly (stuck).
Done exploring.
Done exploring.
2205 ||| Stepping randomly (stuck).
Done exploring.
Done exploring.
2206 ||| Stepping randomly (stuck).
Done exploring.
Done exploring.
Are you sure you want to abandon this character and quit the game? (Confirm with "yes".)

############### #.####.#
#.............# #.# #.# #####
#.###########.#####.####.# #...#
#.# ##### #.#.....#.....
#.#.####.#####...# #.#.###.#.....
..#....#....##...# #.#.##########
..####.#.##.##...# #.#.#.........
....##.#.........# #.#.#.########
#...##.#.##.#..)@###.#.#.# #.....
#......#.##.#........#(#.###.####
#.#.##.......................)...
.....#.######.##.####....###.####
####.#.# #....##.####..#####.####
.....?.# #.#####.................
#####..# #.[.# #############.####
# #..#####.# #..... # #........#
#####.


There were no monsters in sight!

Vanquished Creatures
  2 dart slugs (D:1)
  A goblin (D:1)
  A kobold (D:1)
  2 quokkas (D:1)
  2 ball pythons (D:1)
8 creatures vanquished.

Vanquished Creatures (collateral kills)
  2 endoplasms (D:1)
  A quokka (D:1)
  A bat (D:1)
4 creatures vanquished.

Grand Total: 12 creatures vanquished

Notes
Turn   | Place    | Note
-------+----------+-------------------------------------------
     0 | D:1      | qw the Ghoul Summoner began the quest for the Orb.
     0 | D:1      | Reached XP level 1. HP: 14/14 MP: 2/2
     0 | D:1      | 0 ||| qw: Version: 0.1-a-116-g5d60599
     0 | D:1      | 0 ||| qw: Game counter: 7635
     0 | D:1      | 0 ||| qw: Always use a shield: true
     0 | D:1      | 0 ||| qw: God list: Okawaru
     0 | D:1      | 0 ||| qw: Allow faded altars: false
     0 | D:1      | 0 ||| qw: Do Orc after D:15 true
     0 | D:1      | 0 ||| qw: Do second Lair branch before Depths: true
     0 | D:1      | 0 ||| qw: Lair rune preference: random
     0 | D:1      | 0 ||| qw: Plans: Normal
     0 | D:1      | 0 ||| PLANNING D:1-11
    29 | D:1      | 29 ||| CASTING Summon Small Mammal
    30 | D:1      | 30 ||| CASTING Summon Small Mammal
   263 | D:1      | 263 ||| CASTING Summon Small Mammal
   264 | D:1      | 264 ||| CASTING Summon Small Mammal
   276 | D:1      | 276 ||| CASTING Summon Small Mammal
   369 | D:1      | 369 ||| CASTING Summon Small Mammal
   370 | D:1      | 370 ||| CASTING Summon Small Mammal
   378 | D:1      | Reached skill level 1 in Axes
   397 | D:1      | 397 ||| Wielding weapon +0 dagger.
   442 | D:1      | 442 ||| CASTING Summon Small Mammal
   443 | D:1      | 443 ||| CASTING Summon Small Mammal
   448 | D:1      | 448 ||| Stepping ~*~*~tactically~*~*~ (stealth).
   454 | D:1      | 454 ||| CASTING Summon Small Mammal
   551 | D:1      | 551 ||| CASTING Summon Small Mammal
   552 | D:1      | 552 ||| CASTING Summon Small Mammal
   558 | D:1      | Reached XP level 2. HP: 22/22 MP: 0/3
   592 | D:1      | 592 ||| SWAPPING to +0 spear.
   593 | D:1      | 593 ||| DROPPING +0 dagger.
   625 | D:1      | 625 ||| SWAPPING to +0 trident.
   626 | D:1      | 626 ||| CASTING Summon Small Mammal
   627 | D:1      | 627 ||| CASTING Summon Small Mammal
   628 | D:1      | 628 ||| CASTING Summon Small Mammal
   637 | D:1      | Reached skill level 1 in Fighting
   663 | D:1      | 663 ||| DROPPING +0 spear.
   704 | D:1      | 704 ||| CASTING Summon Small Mammal
   705 | D:1      | 705 ||| CASTING Summon Small Mammal
   706 | D:1      | 706 ||| CASTING Summon Small Mammal
   756 | D:1      | 756 ||| CASTING Summon Small Mammal
   757 | D:1      | 757 ||| CASTING Summon Small Mammal
   758 | D:1      | 758 ||| CASTING Summon Small Mammal
   811 | D:1      | 811 ||| CASTING Summon Small Mammal
   812 | D:1      | 812 ||| CASTING Summon Small Mammal
   813 | D:1      | 813 ||| CASTING Summon Small Mammal
   885 | D:1      | 885 ||| CASTING Summon Small Mammal
   886 | D:1      | 886 ||| CASTING Summon Small Mammal
   888 | D:1      | 888 ||| CASTING Summon Small Mammal
  1077 | D:1      | 1077 ||| CASTING Summon Small Mammal
  1078 | D:1      | 1078 ||| CASTING Summon Small Mammal
  1079 | D:1      | 1079 ||| CASTING Summon Small Mammal
  1090 | D:1      | 1090 ||| CASTING Summon Small Mammal
  1187 | D:1      | 1187 ||| UPGRADING to +0 ring mail.
  1197 | D:1      | 1197 ||| DROPPING +0 robe.
  1198 | D:1      | 1198 ||| READING scroll labelled YNLAMI BUNUSITT.
  1199 | D:1      | 1199 ||| READING scroll labelled NOTUUQ PEST.
  1202 | D:1      | 1202 ||| READING scroll labelled WUTHUFOZXU.
  1203 | D:1      | 1203 ||| READING scroll labelled TERCHOOHOS.
  1204 | D:1      | 1204 ||| READING 3 scrolls labelled VAOKYI HANINIE.
  1205 | D:1      | 1205 ||| DROPPING potion of magic.
  1206 | D:1      | 1206 ||| DROPPING 2 scrolls of vulnerability.
  1207 | D:1      | 1207 ||| Stepping randomly (stuck).
  1208 | D:1      | 1208 ||| Stepping randomly (stuck).
  1209 | D:1      | 1209 ||| Stepping randomly (stuck).
  1210 | D:1      | 1210 ||| Stepping randomly (stuck).
  1211 | D:1      | 1211 ||| Stepping randomly (stuck).
  1212 | D:1      | 1212 ||| Stepping randomly (stuck).
  1213 | D:1      | 1213 ||| Stepping randomly (stuck).
  1214 | D:1      | 1214 ||| Stepping randomly (stuck).
  1215 | D:1      | 1215 ||| Stepping randomly (stuck).
  1216 | D:1      | 1216 ||| Stepping randomly (stuck).
  1217 | D:1      | 1217 ||| Stepping randomly (stuck).
  1218 | D:1      | 1218 ||| Stepping randomly (stuck).
  1219 | D:1      | 1219 ||| Stepping randomly (stuck).
  1220 | D:1      | 1220 ||| Stepping randomly (stuck).
  1221 | D:1      | 1221 ||| Stepping randomly (stuck).
  1222 | D:1      | 1222 ||| Stepping randomly (stuck).
  1223 | D:1      | 1223 ||| Stepping randomly (stuck).
  1224 | D:1      | 1224 ||| Stepping randomly (stuck).
  1225 | D:1      | 1225 ||| Stepping randomly (stuck).
  1226 | D:1      | 1226 ||| Stepping randomly (stuck).
  1227 | D:1      | 1227 ||| Stepping randomly (stuck).
  1228 | D:1      | 1228 ||| Stepping randomly (stuck).
  1229 | D:1      | 1229 ||| Stepping randomly (stuck).
  1230 | D:1      | 1230 ||| Stepping randomly (stuck).
  1231 | D:1      | 1231 ||| Stepping randomly (stuck).
  1232 | D:1      | 1232 ||| Stepping randomly (stuck).
  1233 | D:1      | 1233 ||| Stepping randomly (stuck).
  1234 | D:1      | 1234 ||| Stepping randomly (stuck).
  1235 | D:1      | 1235 ||| Stepping randomly (stuck).
  1236 | D:1      | 1236 ||| Stepping randomly (stuck).
  1237 | D:1      | 1237 ||| Stepping randomly (stuck).
  1238 | D:1      | 1238 ||| Stepping randomly (stuck).
  1239 | D:1      | 1239 ||| Stepping randomly (stuck).
  1240 | D:1      | 1240 ||| Stepping randomly (stuck).
  1241 | D:1      | 1241 ||| Stepping randomly (stuck).
  1242 | D:1      | 1242 ||| Stepping randomly (stuck).
  1243 | D:1      | 1243 ||| Stepping randomly (stuck).
  1244 | D:1      | 1244 ||| Stepping randomly (stuck).
  1245 | D:1      | 1245 ||| Stepping randomly (stuck).
  1246 | D:1      | 1246 ||| Stepping randomly (stuck).
  1247 | D:1      | 1247 ||| Stepping randomly (stuck).
  1248 | D:1      | 1248 ||| Stepping randomly (stuck).
  1249 | D:1      | 1249 ||| Stepping randomly (stuck).
  1250 | D:1      | 1250 ||| Stepping randomly (stuck).
  1251 | D:1      | 1251 ||| Stepping randomly (stuck).
  1252 | D:1      | 1252 ||| Stepping randomly (stuck).
  1253 | D:1      | 1253 ||| Stepping randomly (stuck).
  1254 | D:1      | 1254 ||| Stepping randomly (stuck).
  1255 | D:1      | 1255 ||| Stepping randomly (stuck).
  1256 | D:1      | 1256 ||| Stepping randomly (stuck).
  1257 | D:1      | 1257 ||| Stepping randomly (stuck).
  1258 | D:1      | 1258 ||| Stepping randomly (stuck).
  1259 | D:1      | 1259 ||| Stepping randomly (stuck).
  1260 | D:1      | 1260 ||| Stepping randomly (stuck).
  1261 | D:1      | 1261 ||| Stepping randomly (stuck).
  1262 | D:1      | 1262 ||| Stepping randomly (stuck).
  1263 | D:1      | 1263 ||| Stepping randomly (stuck).
  1264 | D:1      | 1264 ||| Stepping randomly (stuck).
  1265 | D:1      | 1265 ||| Stepping randomly (stuck).
  1266 | D:1      | 1266 ||| Stepping randomly (stuck).
  1267 | D:1      | 1267 ||| Stepping randomly (stuck).
  1268 | D:1      | 1268 ||| Stepping randomly (stuck).
  1269 | D:1      | 1269 ||| Stepping randomly (stuck).
  1270 | D:1      | 1270 ||| Stepping randomly (stuck).
  1271 | D:1      | 1271 ||| Stepping randomly (stuck).
  1272 | D:1      | 1272 ||| Stepping randomly (stuck).
  1273 | D:1      | 1273 ||| Stepping randomly (stuck).
  1274 | D:1      | 1274 ||| Stepping randomly (stuck).
  1275 | D:1      | 1275 ||| Stepping randomly (stuck).
  1276 | D:1      | 1276 ||| Stepping randomly (stuck).
  1277 | D:1      | 1277 ||| Stepping randomly (stuck).
  1278 | D:1      | 1278 ||| Stepping randomly (stuck).
  1279 | D:1      | 1279 ||| Stepping randomly (stuck).
  1280 | D:1      | 1280 ||| Stepping randomly (stuck).
  1281 | D:1      | 1281 ||| Stepping randomly (stuck).
  1282 | D:1      | 1282 ||| Stepping randomly (stuck).
  1283 | D:1      | 1283 ||| Stepping randomly (stuck).
  1284 | D:1      | 1284 ||| Stepping randomly (stuck).
  1285 | D:1      | 1285 ||| Stepping randomly (stuck).
  1286 | D:1      | 1286 ||| Stepping randomly (stuck).
  1287 | D:1      | 1287 ||| Stepping randomly (stuck).
  1288 | D:1      | 1288 ||| Stepping randomly (stuck).
  1289 | D:1      | 1289 ||| Stepping randomly (stuck).
  1290 | D:1      | 1290 ||| Stepping randomly (stuck).
  1291 | D:1      | 1291 ||| Stepping randomly (stuck).
  1292 | D:1      | 1292 ||| Stepping randomly (stuck).
  1293 | D:1      | 1293 ||| Stepping randomly (stuck).
  1294 | D:1      | 1294 ||| Stepping randomly (stuck).
  1295 | D:1      | 1295 ||| Stepping randomly (stuck).
  1296 | D:1      | 1296 ||| Stepping randomly (stuck).
  1297 | D:1      | 1297 ||| Stepping randomly (stuck).
  1298 | D:1      | 1298 ||| Stepping randomly (stuck).
  1299 | D:1      | 1299 ||| Stepping randomly (stuck).
  1300 | D:1      | 1300 ||| Stepping randomly (stuck).
  1301 | D:1      | 1301 ||| Stepping randomly (stuck).
  1302 | D:1      | 1302 ||| Stepping randomly (stuck).
  1303 | D:1      | 1303 ||| Stepping randomly (stuck).
  1304 | D:1      | 1304 ||| Stepping randomly (stuck).
  1305 | D:1      | 1305 ||| Stepping randomly (stuck).
  1306 | D:1      | 1306 ||| Stepping randomly (stuck).
  1307 | D:1      | 1307 ||| Stepping randomly (stuck).
  1308 | D:1      | 1308 ||| Stepping randomly (stuck).
  1309 | D:1      | 1309 ||| Stepping randomly (stuck).
  1310 | D:1      | 1310 ||| Stepping randomly (stuck).
  1311 | D:1      | 1311 ||| Stepping randomly (stuck).
  1312 | D:1      | 1312 ||| Stepping randomly (stuck).
  1313 | D:1      | 1313 ||| Stepping randomly (stuck).
  1314 | D:1      | 1314 ||| Stepping randomly (stuck).
  1315 | D:1      | 1315 ||| Stepping randomly (stuck).
  1316 | D:1      | 1316 ||| Stepping randomly (stuck).
  1317 | D:1      | 1317 ||| Stepping randomly (stuck).
  1318 | D:1      | 1318 ||| Stepping randomly (stuck).
  1319 | D:1      | 1319 ||| Stepping randomly (stuck).
  1320 | D:1      | 1320 ||| Stepping randomly (stuck).
  1321 | D:1      | 1321 ||| Stepping randomly (stuck).
  1322 | D:1      | 1322 ||| Stepping randomly (stuck).
  1323 | D:1      | 1323 ||| Stepping randomly (stuck).
  1324 | D:1      | 1324 ||| Stepping randomly (stuck).
  1325 | D:1      | 1325 ||| Stepping randomly (stuck).
  1326 | D:1      | 1326 ||| Stepping randomly (stuck).
  1327 | D:1      | 1327 ||| Stepping randomly (stuck).
  1328 | D:1      | 1328 ||| Stepping randomly (stuck).
  1329 | D:1      | 1329 ||| Stepping randomly (stuck).
  1330 | D:1      | 1330 ||| Stepping randomly (stuck).
  1331 | D:1      | 1331 ||| Stepping randomly (stuck).
  1332 | D:1      | 1332 ||| Stepping randomly (stuck).
  1333 | D:1      | 1333 ||| Stepping randomly (stuck).
  1334 | D:1      | 1334 ||| Stepping randomly (stuck).
  1335 | D:1      | 1335 ||| Stepping randomly (stuck).
  1336 | D:1      | 1336 ||| Stepping randomly (stuck).
  1337 | D:1      | 1337 ||| Stepping randomly (stuck).
  1338 | D:1      | 1338 ||| Stepping randomly (stuck).
  1339 | D:1      | 1339 ||| Stepping randomly (stuck).
  1340 | D:1      | 1340 ||| Stepping randomly (stuck).
  1341 | D:1      | 1341 ||| Stepping randomly (stuck).
  1342 | D:1      | 1342 ||| Stepping randomly (stuck).
  1343 | D:1      | 1343 ||| Stepping randomly (stuck).
  1344 | D:1      | 1344 ||| Stepping randomly (stuck).
  1345 | D:1      | 1345 ||| Stepping randomly (stuck).
  1346 | D:1      | 1346 ||| Stepping randomly (stuck).
  1347 | D:1      | 1347 ||| Stepping randomly (stuck).
  1348 | D:1      | 1348 ||| Stepping randomly (stuck).
  1349 | D:1      | 1349 ||| Stepping randomly (stuck).
  1350 | D:1      | 1350 ||| Stepping randomly (stuck).
  1351 | D:1      | 1351 ||| Stepping randomly (stuck).
  1352 | D:1      | 1352 ||| Stepping randomly (stuck).
  1353 | D:1      | 1353 ||| Stepping randomly (stuck).
  1354 | D:1      | 1354 ||| Stepping randomly (stuck).
  1355 | D:1      | 1355 ||| Stepping randomly (stuck).
  1356 | D:1      | 1356 ||| Stepping randomly (stuck).
  1357 | D:1      | 1357 ||| Stepping randomly (stuck).
  1358 | D:1      | 1358 ||| Stepping randomly (stuck).
  1359 | D:1      | 1359 ||| Stepping randomly (stuck).
  1360 | D:1      | 1360 ||| Stepping randomly (stuck).
  1361 | D:1      | 1361 ||| Stepping randomly (stuck).
  1362 | D:1      | 1362 ||| Stepping randomly (stuck).
  1363 | D:1      | 1363 ||| Stepping randomly (stuck).
  1364 | D:1      | 1364 ||| Stepping randomly (stuck).
  1365 | D:1      | 1365 ||| Stepping randomly (stuck).
  1366 | D:1      | 1366 ||| Stepping randomly (stuck).
  1367 | D:1      | 1367 ||| Stepping randomly (stuck).
  1368 | D:1      | 1368 ||| Stepping randomly (stuck).
  1369 | D:1      | 1369 ||| Stepping randomly (stuck).
  1370 | D:1      | 1370 ||| Stepping randomly (stuck).
  1371 | D:1      | 1371 ||| Stepping randomly (stuck).
  1372 | D:1      | 1372 ||| Stepping randomly (stuck).
  1373 | D:1      | 1373 ||| Stepping randomly (stuck).
  1374 | D:1      | 1374 ||| Stepping randomly (stuck).
  1375 | D:1      | 1375 ||| Stepping randomly (stuck).
  1376 | D:1      | 1376 ||| Stepping randomly (stuck).
  1377 | D:1      | 1377 ||| Stepping randomly (stuck).
  1378 | D:1      | 1378 ||| Stepping randomly (stuck).
  1379 | D:1      | 1379 ||| Stepping randomly (stuck).
  1380 | D:1      | 1380 ||| Stepping randomly (stuck).
  1381 | D:1      | 1381 ||| Stepping randomly (stuck).
  1382 | D:1      | 1382 ||| Stepping randomly (stuck).
  1383 | D:1      | 1383 ||| Stepping randomly (stuck).
  1384 | D:1      | 1384 ||| Stepping randomly (stuck).
  1385 | D:1      | 1385 ||| Stepping randomly (stuck).
  1386 | D:1      | 1386 ||| Stepping randomly (stuck).
  1387 | D:1      | 1387 ||| Stepping randomly (stuck).
  1388 | D:1      | 1388 ||| Stepping randomly (stuck).
  1389 | D:1      | 1389 ||| Stepping randomly (stuck).
  1390 | D:1      | 1390 ||| Stepping randomly (stuck).
  1391 | D:1      | 1391 ||| Stepping randomly (stuck).
  1392 | D:1      | 1392 ||| Stepping randomly (stuck).
  1393 | D:1      | 1393 ||| Stepping randomly (stuck).
  1394 | D:1      | 1394 ||| Stepping randomly (stuck).
  1395 | D:1      | 1395 ||| Stepping randomly (stuck).
  1396 | D:1      | 1396 ||| Stepping randomly (stuck).
  1397 | D:1      | 1397 ||| Stepping randomly (stuck).
  1398 | D:1      | 1398 ||| Stepping randomly (stuck).
  1399 | D:1      | 1399 ||| Stepping randomly (stuck).
  1400 | D:1      | 1400 ||| Stepping randomly (stuck).
  1401 | D:1      | 1401 ||| Stepping randomly (stuck).
  1402 | D:1      | 1402 ||| Stepping randomly (stuck).
  1403 | D:1      | 1403 ||| Stepping randomly (stuck).
  1404 | D:1      | 1404 ||| Stepping randomly (stuck).
  1405 | D:1      | 1405 ||| Stepping randomly (stuck).
  1406 | D:1      | 1406 ||| Stepping randomly (stuck).
  1407 | D:1      | 1407 ||| Stepping randomly (stuck).
  1408 | D:1      | 1408 ||| Stepping randomly (stuck).
  1409 | D:1      | 1409 ||| Stepping randomly (stuck).
  1410 | D:1      | 1410 ||| Stepping randomly (stuck).
  1411 | D:1      | 1411 ||| Stepping randomly (stuck).
  1412 | D:1      | 1412 ||| Stepping randomly (stuck).
  1413 | D:1      | 1413 ||| Stepping randomly (stuck).
  1414 | D:1      | 1414 ||| Stepping randomly (stuck).
  1415 | D:1      | 1415 ||| Stepping randomly (stuck).
  1416 | D:1      | 1416 ||| Stepping randomly (stuck).
  1417 | D:1      | 1417 ||| Stepping randomly (stuck).
  1418 | D:1      | 1418 ||| Stepping randomly (stuck).
  1419 | D:1      | 1419 ||| Stepping randomly (stuck).
  1420 | D:1      | 1420 ||| Stepping randomly (stuck).
  1421 | D:1      | 1421 ||| Stepping randomly (stuck).
  1422 | D:1      | 1422 ||| Stepping randomly (stuck).
  1423 | D:1      | 1423 ||| Stepping randomly (stuck).
  1424 | D:1      | 1424 ||| Stepping randomly (stuck).
  1425 | D:1      | 1425 ||| Stepping randomly (stuck).
  1426 | D:1      | 1426 ||| Stepping randomly (stuck).
  1427 | D:1      | 1427 ||| Stepping randomly (stuck).
  1428 | D:1      | 1428 ||| Stepping randomly (stuck).
  1429 | D:1      | 1429 ||| Stepping randomly (stuck).
  1430 | D:1      | 1430 ||| Stepping randomly (stuck).
  1431 | D:1      | 1431 ||| Stepping randomly (stuck).
  1432 | D:1      | 1432 ||| Stepping randomly (stuck).
  1433 | D:1      | 1433 ||| Stepping randomly (stuck).
  1434 | D:1      | 1434 ||| Stepping randomly (stuck).
  1435 | D:1      | 1435 ||| Stepping randomly (stuck).
  1436 | D:1      | 1436 ||| Stepping randomly (stuck).
  1437 | D:1      | 1437 ||| Stepping randomly (stuck).
  1438 | D:1      | 1438 ||| Stepping randomly (stuck).
  1439 | D:1      | 1439 ||| Stepping randomly (stuck).
  1440 | D:1      | 1440 ||| Stepping randomly (stuck).
  1441 | D:1      | 1441 ||| Stepping randomly (stuck).
  1442 | D:1      | 1442 ||| Stepping randomly (stuck).
  1443 | D:1      | 1443 ||| Stepping randomly (stuck).
  1444 | D:1      | 1444 ||| Stepping randomly (stuck).
  1445 | D:1      | 1445 ||| Stepping randomly (stuck).
  1446 | D:1      | 1446 ||| Stepping randomly (stuck).
  1447 | D:1      | 1447 ||| Stepping randomly (stuck).
  1448 | D:1      | 1448 ||| Stepping randomly (stuck).
  1449 | D:1      | 1449 ||| Stepping randomly (stuck).
  1450 | D:1      | 1450 ||| Stepping randomly (stuck).
  1451 | D:1      | 1451 ||| Stepping randomly (stuck).
  1452 | D:1      | 1452 ||| Stepping randomly (stuck).
  1453 | D:1      | 1453 ||| Stepping randomly (stuck).
  1454 | D:1      | 1454 ||| Stepping randomly (stuck).
  1455 | D:1      | 1455 ||| Stepping randomly (stuck).
  1456 | D:1      | 1456 ||| Stepping randomly (stuck).
  1457 | D:1      | 1457 ||| Stepping randomly (stuck).
  1458 | D:1      | 1458 ||| Stepping randomly (stuck).
  1459 | D:1      | 1459 ||| Stepping randomly (stuck).
  1460 | D:1      | 1460 ||| Stepping randomly (stuck).
  1461 | D:1      | 1461 ||| Stepping randomly (stuck).
  1462 | D:1      | 1462 ||| Stepping randomly (stuck).
  1463 | D:1      | 1463 ||| Stepping randomly (stuck).
  1464 | D:1      | 1464 ||| Stepping randomly (stuck).
  1465 | D:1      | 1465 ||| Stepping randomly (stuck).
  1466 | D:1      | 1466 ||| Stepping randomly (stuck).
  1467 | D:1      | 1467 ||| Stepping randomly (stuck).
  1468 | D:1      | 1468 ||| Stepping randomly (stuck).
  1469 | D:1      | 1469 ||| Stepping randomly (stuck).
  1470 | D:1      | 1470 ||| Stepping randomly (stuck).
  1471 | D:1      | 1471 ||| Stepping randomly (stuck).
  1472 | D:1      | 1472 ||| Stepping randomly (stuck).
  1473 | D:1      | 1473 ||| Stepping randomly (stuck).
  1474 | D:1      | 1474 ||| Stepping randomly (stuck).
  1475 | D:1      | 1475 ||| Stepping randomly (stuck).
  1476 | D:1      | 1476 ||| Stepping randomly (stuck).
  1477 | D:1      | 1477 ||| Stepping randomly (stuck).
  1478 | D:1      | 1478 ||| Stepping randomly (stuck).
  1479 | D:1      | 1479 ||| Stepping randomly (stuck).
  1480 | D:1      | 1480 ||| Stepping randomly (stuck).
  1481 | D:1      | 1481 ||| Stepping randomly (stuck).
  1482 | D:1      | 1482 ||| Stepping randomly (stuck).
  1483 | D:1      | 1483 ||| Stepping randomly (stuck).
  1484 | D:1      | 1484 ||| Stepping randomly (stuck).
  1485 | D:1      | 1485 ||| Stepping randomly (stuck).
  1486 | D:1      | 1486 ||| Stepping randomly (stuck).
  1487 | D:1      | 1487 ||| Stepping randomly (stuck).
  1488 | D:1      | 1488 ||| Stepping randomly (stuck).
  1489 | D:1      | 1489 ||| Stepping randomly (stuck).
  1490 | D:1      | 1490 ||| Stepping randomly (stuck).
  1491 | D:1      | 1491 ||| Stepping randomly (stuck).
  1492 | D:1      | 1492 ||| Stepping randomly (stuck).
  1493 | D:1      | 1493 ||| Stepping randomly (stuck).
  1494 | D:1      | 1494 ||| Stepping randomly (stuck).
  1495 | D:1      | 1495 ||| Stepping randomly (stuck).
  1496 | D:1      | 1496 ||| Stepping randomly (stuck).
  1497 | D:1      | 1497 ||| Stepping randomly (stuck).
  1498 | D:1      | 1498 ||| Stepping randomly (stuck).
  1499 | D:1      | 1499 ||| Stepping randomly (stuck).
  1500 | D:1      | 1500 ||| Stepping randomly (stuck).
  1501 | D:1      | 1501 ||| Stepping randomly (stuck).
  1502 | D:1      | 1502 ||| Stepping randomly (stuck).
  1503 | D:1      | 1503 ||| Stepping randomly (stuck).
  1504 | D:1      | 1504 ||| Stepping randomly (stuck).
  1505 | D:1      | 1505 ||| Stepping randomly (stuck).
  1506 | D:1      | 1506 ||| Stepping randomly (stuck).
  1507 | D:1      | 1507 ||| Stepping randomly (stuck).
  1508 | D:1      | 1508 ||| Stepping randomly (stuck).
  1509 | D:1      | 1509 ||| Stepping randomly (stuck).
  1510 | D:1      | 1510 ||| Stepping randomly (stuck).
  1511 | D:1      | 1511 ||| Stepping randomly (stuck).
  1512 | D:1      | 1512 ||| Stepping randomly (stuck).
  1513 | D:1      | 1513 ||| Stepping randomly (stuck).
  1514 | D:1      | 1514 ||| Stepping randomly (stuck).
  1515 | D:1      | 1515 ||| Stepping randomly (stuck).
  1516 | D:1      | 1516 ||| Stepping randomly (stuck).
  1517 | D:1      | 1517 ||| Stepping randomly (stuck).
  1518 | D:1      | 1518 ||| Stepping randomly (stuck).
  1519 | D:1      | 1519 ||| Stepping randomly (stuck).
  1520 | D:1      | 1520 ||| Stepping randomly (stuck).
  1521 | D:1      | 1521 ||| Stepping randomly (stuck).
  1522 | D:1      | 1522 ||| Stepping randomly (stuck).
  1523 | D:1      | 1523 ||| Stepping randomly (stuck).
  1524 | D:1      | 1524 ||| Stepping randomly (stuck).
  1525 | D:1      | 1525 ||| Stepping randomly (stuck).
  1526 | D:1      | 1526 ||| Stepping randomly (stuck).
  1527 | D:1      | 1527 ||| Stepping randomly (stuck).
  1528 | D:1      | 1528 ||| Stepping randomly (stuck).
  1529 | D:1      | 1529 ||| Stepping randomly (stuck).
  1530 | D:1      | 1530 ||| Stepping randomly (stuck).
  1531 | D:1      | 1531 ||| Stepping randomly (stuck).
  1532 | D:1      | 1532 ||| Stepping randomly (stuck).
  1533 | D:1      | 1533 ||| Stepping randomly (stuck).
  1534 | D:1      | 1534 ||| Stepping randomly (stuck).
  1535 | D:1      | 1535 ||| Stepping randomly (stuck).
  1536 | D:1      | 1536 ||| Stepping randomly (stuck).
  1537 | D:1      | 1537 ||| Stepping randomly (stuck).
  1538 | D:1      | 1538 ||| Stepping randomly (stuck).
  1539 | D:1      | 1539 ||| Stepping randomly (stuck).
  1540 | D:1      | 1540 ||| Stepping randomly (stuck).
  1541 | D:1      | 1541 ||| Stepping randomly (stuck).
  1542 | D:1      | 1542 ||| Stepping randomly (stuck).
  1543 | D:1      | 1543 ||| Stepping randomly (stuck).
  1544 | D:1      | 1544 ||| Stepping randomly (stuck).
  1545 | D:1      | 1545 ||| Stepping randomly (stuck).
  1546 | D:1      | 1546 ||| Stepping randomly (stuck).
  1547 | D:1      | 1547 ||| Stepping randomly (stuck).
  1548 | D:1      | 1548 ||| Stepping randomly (stuck).
  1549 | D:1      | 1549 ||| Stepping randomly (stuck).
  1550 | D:1      | 1550 ||| Stepping randomly (stuck).
  1551 | D:1      | 1551 ||| Stepping randomly (stuck).
  1552 | D:1      | 1552 ||| Stepping randomly (stuck).
  1553 | D:1      | 1553 ||| Stepping randomly (stuck).
  1554 | D:1      | 1554 ||| Stepping randomly (stuck).
  1555 | D:1      | 1555 ||| Stepping randomly (stuck).
  1556 | D:1      | 1556 ||| Stepping randomly (stuck).
  1557 | D:1      | 1557 ||| Stepping randomly (stuck).
  1558 | D:1      | 1558 ||| Stepping randomly (stuck).
  1559 | D:1      | 1559 ||| Stepping randomly (stuck).
  1560 | D:1      | 1560 ||| Stepping randomly (stuck).
  1561 | D:1      | 1561 ||| Stepping randomly (stuck).
  1562 | D:1      | 1562 ||| Stepping randomly (stuck).
  1563 | D:1      | 1563 ||| Stepping randomly (stuck).
  1564 | D:1      | 1564 ||| Stepping randomly (stuck).
  1565 | D:1      | 1565 ||| Stepping randomly (stuck).
  1566 | D:1      | 1566 ||| Stepping randomly (stuck).
  1567 | D:1      | 1567 ||| Stepping randomly (stuck).
  1568 | D:1      | 1568 ||| Stepping randomly (stuck).
  1569 | D:1      | 1569 ||| Stepping randomly (stuck).
  1570 | D:1      | 1570 ||| Stepping randomly (stuck).
  1571 | D:1      | 1571 ||| Stepping randomly (stuck).
  1572 | D:1      | 1572 ||| Stepping randomly (stuck).
  1573 | D:1      | 1573 ||| Stepping randomly (stuck).
  1574 | D:1      | 1574 ||| Stepping randomly (stuck).
  1575 | D:1      | 1575 ||| Stepping randomly (stuck).
  1576 | D:1      | 1576 ||| Stepping randomly (stuck).
  1577 | D:1      | 1577 ||| Stepping randomly (stuck).
  1578 | D:1      | 1578 ||| Stepping randomly (stuck).
  1579 | D:1      | 1579 ||| Stepping randomly (stuck).
  1580 | D:1      | 1580 ||| Stepping randomly (stuck).
  1581 | D:1      | 1581 ||| Stepping randomly (stuck).
  1582 | D:1      | 1582 ||| Stepping randomly (stuck).
  1583 | D:1      | 1583 ||| Stepping randomly (stuck).
  1584 | D:1      | 1584 ||| Stepping randomly (stuck).
  1585 | D:1      | 1585 ||| Stepping randomly (stuck).
  1586 | D:1      | 1586 ||| Stepping randomly (stuck).
  1587 | D:1      | 1587 ||| Stepping randomly (stuck).
  1588 | D:1      | 1588 ||| Stepping randomly (stuck).
  1589 | D:1      | 1589 ||| Stepping randomly (stuck).
  1590 | D:1      | 1590 ||| Stepping randomly (stuck).
  1591 | D:1      | 1591 ||| Stepping randomly (stuck).
  1592 | D:1      | 1592 ||| Stepping randomly (stuck).
  1593 | D:1      | 1593 ||| Stepping randomly (stuck).
  1594 | D:1      | 1594 ||| Stepping randomly (stuck).
  1595 | D:1      | 1595 ||| Stepping randomly (stuck).
  1596 | D:1      | 1596 ||| Stepping randomly (stuck).
  1597 | D:1      | 1597 ||| Stepping randomly (stuck).
  1598 | D:1      | 1598 ||| Stepping randomly (stuck).
  1599 | D:1      | 1599 ||| Stepping randomly (stuck).
  1600 | D:1      | 1600 ||| Stepping randomly (stuck).
  1601 | D:1      | 1601 ||| Stepping randomly (stuck).
  1602 | D:1      | 1602 ||| Stepping randomly (stuck).
  1603 | D:1      | 1603 ||| Stepping randomly (stuck).
  1604 | D:1      | 1604 ||| Stepping randomly (stuck).
  1605 | D:1      | 1605 ||| Stepping randomly (stuck).
  1606 | D:1      | 1606 ||| Stepping randomly (stuck).
  1607 | D:1      | 1607 ||| Stepping randomly (stuck).
  1608 | D:1      | 1608 ||| Stepping randomly (stuck).
  1609 | D:1      | 1609 ||| Stepping randomly (stuck).
  1610 | D:1      | 1610 ||| Stepping randomly (stuck).
  1611 | D:1      | 1611 ||| Stepping randomly (stuck).
  1612 | D:1      | 1612 ||| Stepping randomly (stuck).
  1613 | D:1      | 1613 ||| Stepping randomly (stuck).
  1614 | D:1      | 1614 ||| Stepping randomly (stuck).
  1615 | D:1      | 1615 ||| Stepping randomly (stuck).
  1616 | D:1      | 1616 ||| Stepping randomly (stuck).
  1617 | D:1      | 1617 ||| Stepping randomly (stuck).
  1618 | D:1      | 1618 ||| Stepping randomly (stuck).
  1619 | D:1      | 1619 ||| Stepping randomly (stuck).
  1620 | D:1      | 1620 ||| Stepping randomly (stuck).
  1621 | D:1      | 1621 ||| Stepping randomly (stuck).
  1622 | D:1      | 1622 ||| Stepping randomly (stuck).
  1623 | D:1      | 1623 ||| Stepping randomly (stuck).
  1624 | D:1      | 1624 ||| Stepping randomly (stuck).
  1625 | D:1      | 1625 ||| Stepping randomly (stuck).
  1626 | D:1      | 1626 ||| Stepping randomly (stuck).
  1627 | D:1      | 1627 ||| Stepping randomly (stuck).
  1628 | D:1      | 1628 ||| Stepping randomly (stuck).
  1629 | D:1      | 1629 ||| Stepping randomly (stuck).
  1630 | D:1      | 1630 ||| Stepping randomly (stuck).
  1631 | D:1      | 1631 ||| Stepping randomly (stuck).
  1632 | D:1      | 1632 ||| Stepping randomly (stuck).
  1633 | D:1      | 1633 ||| Stepping randomly (stuck).
  1634 | D:1      | 1634 ||| Stepping randomly (stuck).
  1635 | D:1      | 1635 ||| Stepping randomly (stuck).
  1636 | D:1      | 1636 ||| Stepping randomly (stuck).
  1637 | D:1      | 1637 ||| Stepping randomly (stuck).
  1638 | D:1      | 1638 ||| Stepping randomly (stuck).
  1639 | D:1      | 1639 ||| Stepping randomly (stuck).
  1640 | D:1      | 1640 ||| Stepping randomly (stuck).
  1641 | D:1      | 1641 ||| Stepping randomly (stuck).
  1642 | D:1      | 1642 ||| Stepping randomly (stuck).
  1643 | D:1      | 1643 ||| Stepping randomly (stuck).
  1644 | D:1      | 1644 ||| Stepping randomly (stuck).
  1645 | D:1      | 1645 ||| Stepping randomly (stuck).
  1646 | D:1      | 1646 ||| Stepping randomly (stuck).
  1647 | D:1      | 1647 ||| Stepping randomly (stuck).
  1648 | D:1      | 1648 ||| Stepping randomly (stuck).
  1649 | D:1      | 1649 ||| Stepping randomly (stuck).
  1650 | D:1      | 1650 ||| Stepping randomly (stuck).
  1651 | D:1      | 1651 ||| Stepping randomly (stuck).
  1652 | D:1      | 1652 ||| Stepping randomly (stuck).
  1653 | D:1      | 1653 ||| Stepping randomly (stuck).
  1654 | D:1      | 1654 ||| Stepping randomly (stuck).
  1655 | D:1      | 1655 ||| Stepping randomly (stuck).
  1656 | D:1      | 1656 ||| Stepping randomly (stuck).
  1657 | D:1      | 1657 ||| Stepping randomly (stuck).
  1658 | D:1      | 1658 ||| Stepping randomly (stuck).
  1659 | D:1      | 1659 ||| Stepping randomly (stuck).
  1660 | D:1      | 1660 ||| Stepping randomly (stuck).
  1661 | D:1      | 1661 ||| Stepping randomly (stuck).
  1662 | D:1      | 1662 ||| Stepping randomly (stuck).
  1663 | D:1      | 1663 ||| Stepping randomly (stuck).
  1664 | D:1      | 1664 ||| Stepping randomly (stuck).
  1665 | D:1      | 1665 ||| Stepping randomly (stuck).
  1666 | D:1      | 1666 ||| Stepping randomly (stuck).
  1667 | D:1      | 1667 ||| Stepping randomly (stuck).
  1668 | D:1      | 1668 ||| Stepping randomly (stuck).
  1669 | D:1      | 1669 ||| Stepping randomly (stuck).
  1670 | D:1      | 1670 ||| Stepping randomly (stuck).
  1671 | D:1      | 1671 ||| Stepping randomly (stuck).
  1672 | D:1      | 1672 ||| Stepping randomly (stuck).
  1673 | D:1      | 1673 ||| Stepping randomly (stuck).
  1674 | D:1      | 1674 ||| Stepping randomly (stuck).
  1675 | D:1      | 1675 ||| Stepping randomly (stuck).
  1676 | D:1      | 1676 ||| Stepping randomly (stuck).
  1677 | D:1      | 1677 ||| Stepping randomly (stuck).
  1678 | D:1      | 1678 ||| Stepping randomly (stuck).
  1679 | D:1      | 1679 ||| Stepping randomly (stuck).
  1680 | D:1      | 1680 ||| Stepping randomly (stuck).
  1681 | D:1      | 1681 ||| Stepping randomly (stuck).
  1682 | D:1      | 1682 ||| Stepping randomly (stuck).
  1683 | D:1      | 1683 ||| Stepping randomly (stuck).
  1684 | D:1      | 1684 ||| Stepping randomly (stuck).
  1685 | D:1      | 1685 ||| Stepping randomly (stuck).
  1686 | D:1      | 1686 ||| Stepping randomly (stuck).
  1687 | D:1      | 1687 ||| Stepping randomly (stuck).
  1688 | D:1      | 1688 ||| Stepping randomly (stuck).
  1689 | D:1      | 1689 ||| Stepping randomly (stuck).
  1690 | D:1      | 1690 ||| Stepping randomly (stuck).
  1691 | D:1      | 1691 ||| Stepping randomly (stuck).
  1692 | D:1      | 1692 ||| Stepping randomly (stuck).
  1693 | D:1      | 1693 ||| Stepping randomly (stuck).
  1694 | D:1      | 1694 ||| Stepping randomly (stuck).
  1695 | D:1      | 1695 ||| Stepping randomly (stuck).
  1696 | D:1      | 1696 ||| Stepping randomly (stuck).
  1697 | D:1      | 1697 ||| Stepping randomly (stuck).
  1698 | D:1      | 1698 ||| Stepping randomly (stuck).
  1699 | D:1      | 1699 ||| Stepping randomly (stuck).
  1700 | D:1      | 1700 ||| Stepping randomly (stuck).
  1701 | D:1      | 1701 ||| Stepping randomly (stuck).
  1702 | D:1      | 1702 ||| Stepping randomly (stuck).
  1703 | D:1      | 1703 ||| Stepping randomly (stuck).
  1704 | D:1      | 1704 ||| Stepping randomly (stuck).
  1705 | D:1      | 1705 ||| Stepping randomly (stuck).
  1706 | D:1      | 1706 ||| Stepping randomly (stuck).
  1707 | D:1      | 1707 ||| Stepping randomly (stuck).
  1708 | D:1      | 1708 ||| Stepping randomly (stuck).
  1709 | D:1      | 1709 ||| Stepping randomly (stuck).
  1710 | D:1      | 1710 ||| Stepping randomly (stuck).
  1711 | D:1      | 1711 ||| Stepping randomly (stuck).
  1712 | D:1      | 1712 ||| Stepping randomly (stuck).
  1713 | D:1      | 1713 ||| Stepping randomly (stuck).
  1714 | D:1      | 1714 ||| Stepping randomly (stuck).
  1715 | D:1      | 1715 ||| Stepping randomly (stuck).
  1716 | D:1      | 1716 ||| Stepping randomly (stuck).
  1717 | D:1      | 1717 ||| Stepping randomly (stuck).
  1718 | D:1      | 1718 ||| Stepping randomly (stuck).
  1719 | D:1      | 1719 ||| Stepping randomly (stuck).
  1720 | D:1      | 1720 ||| Stepping randomly (stuck).
  1721 | D:1      | 1721 ||| Stepping randomly (stuck).
  1722 | D:1      | 1722 ||| Stepping randomly (stuck).
  1723 | D:1      | 1723 ||| Stepping randomly (stuck).
  1724 | D:1      | 1724 ||| Stepping randomly (stuck).
  1725 | D:1      | 1725 ||| Stepping randomly (stuck).
  1726 | D:1      | 1726 ||| Stepping randomly (stuck).
  1727 | D:1      | 1727 ||| Stepping randomly (stuck).
  1728 | D:1      | 1728 ||| Stepping randomly (stuck).
  1729 | D:1      | 1729 ||| Stepping randomly (stuck).
  1730 | D:1      | 1730 ||| Stepping randomly (stuck).
  1731 | D:1      | 1731 ||| Stepping randomly (stuck).
  1732 | D:1      | 1732 ||| Stepping randomly (stuck).
  1733 | D:1      | 1733 ||| Stepping randomly (stuck).
  1734 | D:1      | 1734 ||| Stepping randomly (stuck).
  1735 | D:1      | 1735 ||| Stepping randomly (stuck).
  1736 | D:1      | 1736 ||| Stepping randomly (stuck).
  1737 | D:1      | 1737 ||| Stepping randomly (stuck).
  1738 | D:1      | 1738 ||| Stepping randomly (stuck).
  1739 | D:1      | 1739 ||| Stepping randomly (stuck).
  1740 | D:1      | 1740 ||| Stepping randomly (stuck).
  1741 | D:1      | 1741 ||| Stepping randomly (stuck).
  1742 | D:1      | 1742 ||| Stepping randomly (stuck).
  1743 | D:1      | 1743 ||| Stepping randomly (stuck).
  1744 | D:1      | 1744 ||| Stepping randomly (stuck).
  1745 | D:1      | 1745 ||| Stepping randomly (stuck).
  1746 | D:1      | 1746 ||| Stepping randomly (stuck).
  1747 | D:1      | 1747 ||| Stepping randomly (stuck).
  1748 | D:1      | 1748 ||| Stepping randomly (stuck).
  1749 | D:1      | 1749 ||| Stepping randomly (stuck).
  1750 | D:1      | 1750 ||| Stepping randomly (stuck).
  1751 | D:1      | 1751 ||| Stepping randomly (stuck).
  1752 | D:1      | 1752 ||| Stepping randomly (stuck).
  1753 | D:1      | 1753 ||| Stepping randomly (stuck).
  1754 | D:1      | 1754 ||| Stepping randomly (stuck).
  1755 | D:1      | 1755 ||| Stepping randomly (stuck).
  1756 | D:1      | 1756 ||| Stepping randomly (stuck).
  1757 | D:1      | 1757 ||| Stepping randomly (stuck).
  1758 | D:1      | 1758 ||| Stepping randomly (stuck).
  1759 | D:1      | 1759 ||| Stepping randomly (stuck).
  1760 | D:1      | 1760 ||| Stepping randomly (stuck).
  1761 | D:1      | 1761 ||| Stepping randomly (stuck).
  1762 | D:1      | 1762 ||| Stepping randomly (stuck).
  1763 | D:1      | 1763 ||| Stepping randomly (stuck).
  1764 | D:1      | 1764 ||| Stepping randomly (stuck).
  1765 | D:1      | 1765 ||| Stepping randomly (stuck).
  1766 | D:1      | 1766 ||| Stepping randomly (stuck).
  1767 | D:1      | 1767 ||| Stepping randomly (stuck).
  1768 | D:1      | 1768 ||| Stepping randomly (stuck).
  1769 | D:1      | 1769 ||| Stepping randomly (stuck).
  1770 | D:1      | 1770 ||| Stepping randomly (stuck).
  1771 | D:1      | 1771 ||| Stepping randomly (stuck).
  1772 | D:1      | 1772 ||| Stepping randomly (stuck).
  1773 | D:1      | 1773 ||| Stepping randomly (stuck).
  1774 | D:1      | 1774 ||| Stepping randomly (stuck).
  1775 | D:1      | 1775 ||| Stepping randomly (stuck).
  1776 | D:1      | 1776 ||| Stepping randomly (stuck).
  1777 | D:1      | 1777 ||| Stepping randomly (stuck).
  1778 | D:1      | 1778 ||| Stepping randomly (stuck).
  1779 | D:1      | 1779 ||| Stepping randomly (stuck).
  1780 | D:1      | 1780 ||| Stepping randomly (stuck).
  1781 | D:1      | 1781 ||| Stepping randomly (stuck).
  1782 | D:1      | 1782 ||| Stepping randomly (stuck).
  1783 | D:1      | 1783 ||| Stepping randomly (stuck).
  1784 | D:1      | 1784 ||| Stepping randomly (stuck).
  1785 | D:1      | 1785 ||| Stepping randomly (stuck).
  1786 | D:1      | 1786 ||| Stepping randomly (stuck).
  1787 | D:1      | 1787 ||| Stepping randomly (stuck).
  1788 | D:1      | 1788 ||| Stepping randomly (stuck).
  1789 | D:1      | 1789 ||| Stepping randomly (stuck).
  1790 | D:1      | 1790 ||| Stepping randomly (stuck).
  1791 | D:1      | 1791 ||| Stepping randomly (stuck).
  1792 | D:1      | 1792 ||| Stepping randomly (stuck).
  1793 | D:1      | 1793 ||| Stepping randomly (stuck).
  1794 | D:1      | 1794 ||| Stepping randomly (stuck).
  1795 | D:1      | 1795 ||| Stepping randomly (stuck).
  1796 | D:1      | 1796 ||| Stepping randomly (stuck).
  1797 | D:1      | 1797 ||| Stepping randomly (stuck).
  1798 | D:1      | 1798 ||| Stepping randomly (stuck).
  1799 | D:1      | 1799 ||| Stepping randomly (stuck).
  1800 | D:1      | 1800 ||| Stepping randomly (stuck).
  1801 | D:1      | 1801 ||| Stepping randomly (stuck).
  1802 | D:1      | 1802 ||| Stepping randomly (stuck).
  1803 | D:1      | 1803 ||| Stepping randomly (stuck).
  1804 | D:1      | 1804 ||| Stepping randomly (stuck).
  1805 | D:1      | 1805 ||| Stepping randomly (stuck).
  1806 | D:1      | 1806 ||| Stepping randomly (stuck).
  1807 | D:1      | 1807 ||| Stepping randomly (stuck).
  1808 | D:1      | 1808 ||| Stepping randomly (stuck).
  1809 | D:1      | 1809 ||| Stepping randomly (stuck).
  1810 | D:1      | 1810 ||| Stepping randomly (stuck).
  1811 | D:1      | 1811 ||| Stepping randomly (stuck).
  1812 | D:1      | 1812 ||| Stepping randomly (stuck).
  1813 | D:1      | 1813 ||| Stepping randomly (stuck).
  1814 | D:1      | 1814 ||| Stepping randomly (stuck).
  1815 | D:1      | 1815 ||| Stepping randomly (stuck).
  1816 | D:1      | 1816 ||| Stepping randomly (stuck).
  1817 | D:1      | 1817 ||| Stepping randomly (stuck).
  1818 | D:1      | 1818 ||| Stepping randomly (stuck).
  1819 | D:1      | 1819 ||| Stepping randomly (stuck).
  1820 | D:1      | 1820 ||| Stepping randomly (stuck).
  1821 | D:1      | 1821 ||| Stepping randomly (stuck).
  1822 | D:1      | 1822 ||| Stepping randomly (stuck).
  1823 | D:1      | 1823 ||| Stepping randomly (stuck).
  1824 | D:1      | 1824 ||| Stepping randomly (stuck).
  1825 | D:1      | 1825 ||| Stepping randomly (stuck).
  1826 | D:1      | 1826 ||| Stepping randomly (stuck).
  1827 | D:1      | 1827 ||| Stepping randomly (stuck).
  1828 | D:1      | 1828 ||| Stepping randomly (stuck).
  1829 | D:1      | 1829 ||| Stepping randomly (stuck).
  1830 | D:1      | 1830 ||| Stepping randomly (stuck).
  1831 | D:1      | 1831 ||| Stepping randomly (stuck).
  1832 | D:1      | 1832 ||| Stepping randomly (stuck).
  1833 | D:1      | 1833 ||| Stepping randomly (stuck).
  1834 | D:1      | 1834 ||| Stepping randomly (stuck).
  1835 | D:1      | 1835 ||| Stepping randomly (stuck).
  1836 | D:1      | 1836 ||| Stepping randomly (stuck).
  1837 | D:1      | 1837 ||| Stepping randomly (stuck).
  1838 | D:1      | 1838 ||| Stepping randomly (stuck).
  1839 | D:1      | 1839 ||| Stepping randomly (stuck).
  1840 | D:1      | 1840 ||| Stepping randomly (stuck).
  1841 | D:1      | 1841 ||| Stepping randomly (stuck).
  1842 | D:1      | 1842 ||| Stepping randomly (stuck).
  1843 | D:1      | 1843 ||| Stepping randomly (stuck).
  1844 | D:1      | 1844 ||| Stepping randomly (stuck).
  1845 | D:1      | 1845 ||| Stepping randomly (stuck).
  1846 | D:1      | 1846 ||| Stepping randomly (stuck).
  1847 | D:1      | 1847 ||| Stepping randomly (stuck).
  1848 | D:1      | 1848 ||| Stepping randomly (stuck).
  1849 | D:1      | 1849 ||| Stepping randomly (stuck).
  1850 | D:1      | 1850 ||| Stepping randomly (stuck).
  1851 | D:1      | 1851 ||| Stepping randomly (stuck).
  1852 | D:1      | 1852 ||| Stepping randomly (stuck).
  1853 | D:1      | 1853 ||| Stepping randomly (stuck).
  1854 | D:1      | 1854 ||| Stepping randomly (stuck).
  1855 | D:1      | 1855 ||| Stepping randomly (stuck).
  1856 | D:1      | 1856 ||| Stepping randomly (stuck).
  1857 | D:1      | 1857 ||| Stepping randomly (stuck).
  1858 | D:1      | 1858 ||| Stepping randomly (stuck).
  1859 | D:1      | 1859 ||| Stepping randomly (stuck).
  1860 | D:1      | 1860 ||| Stepping randomly (stuck).
  1861 | D:1      | 1861 ||| Stepping randomly (stuck).
  1862 | D:1      | 1862 ||| Stepping randomly (stuck).
  1863 | D:1      | 1863 ||| Stepping randomly (stuck).
  1864 | D:1      | 1864 ||| Stepping randomly (stuck).
  1865 | D:1      | 1865 ||| Stepping randomly (stuck).
  1866 | D:1      | 1866 ||| Stepping randomly (stuck).
  1867 | D:1      | 1867 ||| Stepping randomly (stuck).
  1868 | D:1      | 1868 ||| Stepping randomly (stuck).
  1869 | D:1      | 1869 ||| Stepping randomly (stuck).
  1870 | D:1      | 1870 ||| Stepping randomly (stuck).
  1871 | D:1      | 1871 ||| Stepping randomly (stuck).
  1872 | D:1      | 1872 ||| Stepping randomly (stuck).
  1873 | D:1      | 1873 ||| Stepping randomly (stuck).
  1874 | D:1      | 1874 ||| Stepping randomly (stuck).
  1875 | D:1      | 1875 ||| Stepping randomly (stuck).
  1876 | D:1      | 1876 ||| Stepping randomly (stuck).
  1877 | D:1      | 1877 ||| Stepping randomly (stuck).
  1878 | D:1      | 1878 ||| Stepping randomly (stuck).
  1879 | D:1      | 1879 ||| Stepping randomly (stuck).
  1880 | D:1      | 1880 ||| Stepping randomly (stuck).
  1881 | D:1      | 1881 ||| Stepping randomly (stuck).
  1882 | D:1      | 1882 ||| Stepping randomly (stuck).
  1883 | D:1      | 1883 ||| Stepping randomly (stuck).
  1884 | D:1      | 1884 ||| Stepping randomly (stuck).
  1885 | D:1      | 1885 ||| Stepping randomly (stuck).
  1886 | D:1      | 1886 ||| Stepping randomly (stuck).
  1887 | D:1      | 1887 ||| Stepping randomly (stuck).
  1888 | D:1      | 1888 ||| Stepping randomly (stuck).
  1889 | D:1      | 1889 ||| Stepping randomly (stuck).
  1890 | D:1      | 1890 ||| Stepping randomly (stuck).
  1891 | D:1      | 1891 ||| Stepping randomly (stuck).
  1892 | D:1      | 1892 ||| Stepping randomly (stuck).
  1893 | D:1      | 1893 ||| Stepping randomly (stuck).
  1894 | D:1      | 1894 ||| Stepping randomly (stuck).
  1895 | D:1      | 1895 ||| Stepping randomly (stuck).
  1896 | D:1      | 1896 ||| Stepping randomly (stuck).
  1897 | D:1      | 1897 ||| Stepping randomly (stuck).
  1898 | D:1      | 1898 ||| Stepping randomly (stuck).
  1899 | D:1      | 1899 ||| Stepping randomly (stuck).
  1900 | D:1      | 1900 ||| Stepping randomly (stuck).
  1901 | D:1      | 1901 ||| Stepping randomly (stuck).
  1902 | D:1      | 1902 ||| Stepping randomly (stuck).
  1903 | D:1      | 1903 ||| Stepping randomly (stuck).
  1904 | D:1      | 1904 ||| Stepping randomly (stuck).
  1905 | D:1      | 1905 ||| Stepping randomly (stuck).
  1906 | D:1      | 1906 ||| Stepping randomly (stuck).
  1907 | D:1      | 1907 ||| Stepping randomly (stuck).
  1908 | D:1      | 1908 ||| Stepping randomly (stuck).
  1909 | D:1      | 1909 ||| Stepping randomly (stuck).
  1910 | D:1      | 1910 ||| Stepping randomly (stuck).
  1911 | D:1      | 1911 ||| Stepping randomly (stuck).
  1912 | D:1      | 1912 ||| Stepping randomly (stuck).
  1913 | D:1      | 1913 ||| Stepping randomly (stuck).
  1914 | D:1      | 1914 ||| Stepping randomly (stuck).
  1915 | D:1      | 1915 ||| Stepping randomly (stuck).
  1916 | D:1      | 1916 ||| Stepping randomly (stuck).
  1917 | D:1      | 1917 ||| Stepping randomly (stuck).
  1918 | D:1      | 1918 ||| Stepping randomly (stuck).
  1919 | D:1      | 1919 ||| Stepping randomly (stuck).
  1920 | D:1      | 1920 ||| Stepping randomly (stuck).
  1921 | D:1      | 1921 ||| Stepping randomly (stuck).
  1922 | D:1      | 1922 ||| Stepping randomly (stuck).
  1923 | D:1      | 1923 ||| Stepping randomly (stuck).
  1924 | D:1      | 1924 ||| Stepping randomly (stuck).
  1925 | D:1      | 1925 ||| Stepping randomly (stuck).
  1926 | D:1      | 1926 ||| Stepping randomly (stuck).
  1927 | D:1      | 1927 ||| Stepping randomly (stuck).
  1928 | D:1      | 1928 ||| Stepping randomly (stuck).
  1929 | D:1      | 1929 ||| Stepping randomly (stuck).
  1930 | D:1      | 1930 ||| Stepping randomly (stuck).
  1931 | D:1      | 1931 ||| Stepping randomly (stuck).
  1932 | D:1      | 1932 ||| Stepping randomly (stuck).
  1933 | D:1      | 1933 ||| Stepping randomly (stuck).
  1934 | D:1      | 1934 ||| Stepping randomly (stuck).
  1935 | D:1      | 1935 ||| Stepping randomly (stuck).
  1936 | D:1      | 1936 ||| Stepping randomly (stuck).
  1937 | D:1      | 1937 ||| Stepping randomly (stuck).
  1938 | D:1      | 1938 ||| Stepping randomly (stuck).
  1939 | D:1      | 1939 ||| Stepping randomly (stuck).
  1940 | D:1      | 1940 ||| Stepping randomly (stuck).
  1941 | D:1      | 1941 ||| Stepping randomly (stuck).
  1942 | D:1      | 1942 ||| Stepping randomly (stuck).
  1943 | D:1      | 1943 ||| Stepping randomly (stuck).
  1944 | D:1      | 1944 ||| Stepping randomly (stuck).
  1945 | D:1      | 1945 ||| Stepping randomly (stuck).
  1946 | D:1      | 1946 ||| Stepping randomly (stuck).
  1947 | D:1      | 1947 ||| Stepping randomly (stuck).
  1948 | D:1      | 1948 ||| Stepping randomly (stuck).
  1949 | D:1      | 1949 ||| Stepping randomly (stuck).
  1950 | D:1      | 1950 ||| Stepping randomly (stuck).
  1951 | D:1      | 1951 ||| Stepping randomly (stuck).
  1952 | D:1      | 1952 ||| Stepping randomly (stuck).
  1953 | D:1      | 1953 ||| Stepping randomly (stuck).
  1954 | D:1      | 1954 ||| Stepping randomly (stuck).
  1955 | D:1      | 1955 ||| Stepping randomly (stuck).
  1956 | D:1      | 1956 ||| Stepping randomly (stuck).
  1957 | D:1      | 1957 ||| Stepping randomly (stuck).
  1958 | D:1      | 1958 ||| Stepping randomly (stuck).
  1959 | D:1      | 1959 ||| Stepping randomly (stuck).
  1960 | D:1      | 1960 ||| Stepping randomly (stuck).
  1961 | D:1      | 1961 ||| Stepping randomly (stuck).
  1962 | D:1      | 1962 ||| Stepping randomly (stuck).
  1963 | D:1      | 1963 ||| Stepping randomly (stuck).
  1964 | D:1      | 1964 ||| Stepping randomly (stuck).
  1965 | D:1      | 1965 ||| Stepping randomly (stuck).
  1966 | D:1      | 1966 ||| Stepping randomly (stuck).
  1967 | D:1      | 1967 ||| Stepping randomly (stuck).
  1968 | D:1      | 1968 ||| Stepping randomly (stuck).
  1969 | D:1      | 1969 ||| Stepping randomly (stuck).
  1970 | D:1      | 1970 ||| Stepping randomly (stuck).
  1971 | D:1      | 1971 ||| Stepping randomly (stuck).
  1972 | D:1      | 1972 ||| Stepping randomly (stuck).
  1973 | D:1      | 1973 ||| Stepping randomly (stuck).
  1974 | D:1      | 1974 ||| Stepping randomly (stuck).
  1975 | D:1      | 1975 ||| Stepping randomly (stuck).
  1976 | D:1      | 1976 ||| Stepping randomly (stuck).
  1977 | D:1      | 1977 ||| Stepping randomly (stuck).
  1978 | D:1      | 1978 ||| Stepping randomly (stuck).
  1979 | D:1      | 1979 ||| Stepping randomly (stuck).
  1980 | D:1      | 1980 ||| Stepping randomly (stuck).
  1981 | D:1      | 1981 ||| Stepping randomly (stuck).
  1982 | D:1      | 1982 ||| Stepping randomly (stuck).
  1983 | D:1      | 1983 ||| Stepping randomly (stuck).
  1984 | D:1      | 1984 ||| Stepping randomly (stuck).
  1985 | D:1      | 1985 ||| Stepping randomly (stuck).
  1986 | D:1      | 1986 ||| Stepping randomly (stuck).
  1987 | D:1      | 1987 ||| Stepping randomly (stuck).
  1988 | D:1      | 1988 ||| Stepping randomly (stuck).
  1989 | D:1      | 1989 ||| Stepping randomly (stuck).
  1990 | D:1      | 1990 ||| Stepping randomly (stuck).
  1991 | D:1      | 1991 ||| Stepping randomly (stuck).
  1992 | D:1      | 1992 ||| Stepping randomly (stuck).
  1993 | D:1      | 1993 ||| Stepping randomly (stuck).
  1994 | D:1      | 1994 ||| Stepping randomly (stuck).
  1995 | D:1      | 1995 ||| Stepping randomly (stuck).
  1996 | D:1      | 1996 ||| Stepping randomly (stuck).
  1997 | D:1      | 1997 ||| Stepping randomly (stuck).
  1998 | D:1      | 1998 ||| Stepping randomly (stuck).
  1999 | D:1      | 1999 ||| Stepping randomly (stuck).
  2000 | D:1      | 2000 ||| Stepping randomly (stuck).
  2001 | D:1      | 2001 ||| Stepping randomly (stuck).
  2002 | D:1      | 2002 ||| Stepping randomly (stuck).
  2003 | D:1      | 2003 ||| Stepping randomly (stuck).
  2004 | D:1      | 2004 ||| Stepping randomly (stuck).
  2005 | D:1      | 2005 ||| Stepping randomly (stuck).
  2006 | D:1      | 2006 ||| Stepping randomly (stuck).
  2007 | D:1      | 2007 ||| Stepping randomly (stuck).
  2008 | D:1      | 2008 ||| Stepping randomly (stuck).
  2009 | D:1      | 2009 ||| Stepping randomly (stuck).
  2010 | D:1      | 2010 ||| Stepping randomly (stuck).
  2011 | D:1      | 2011 ||| Stepping randomly (stuck).
  2012 | D:1      | 2012 ||| Stepping randomly (stuck).
  2013 | D:1      | 2013 ||| Stepping randomly (stuck).
  2014 | D:1      | 2014 ||| Stepping randomly (stuck).
  2015 | D:1      | 2015 ||| Stepping randomly (stuck).
  2016 | D:1      | 2016 ||| Stepping randomly (stuck).
  2017 | D:1      | 2017 ||| Stepping randomly (stuck).
  2018 | D:1      | 2018 ||| Stepping randomly (stuck).
  2019 | D:1      | 2019 ||| Stepping randomly (stuck).
  2020 | D:1      | 2020 ||| Stepping randomly (stuck).
  2021 | D:1      | 2021 ||| Stepping randomly (stuck).
  2022 | D:1      | 2022 ||| Stepping randomly (stuck).
  2023 | D:1      | 2023 ||| Stepping randomly (stuck).
  2024 | D:1      | 2024 ||| Stepping randomly (stuck).
  2025 | D:1      | 2025 ||| Stepping randomly (stuck).
  2026 | D:1      | 2026 ||| Stepping randomly (stuck).
  2027 | D:1      | 2027 ||| Stepping randomly (stuck).
  2028 | D:1      | 2028 ||| Stepping randomly (stuck).
  2029 | D:1      | 2029 ||| Stepping randomly (stuck).
  2030 | D:1      | 2030 ||| Stepping randomly (stuck).
  2031 | D:1      | 2031 ||| Stepping randomly (stuck).
  2032 | D:1      | 2032 ||| Stepping randomly (stuck).
  2033 | D:1      | 2033 ||| Stepping randomly (stuck).
  2034 | D:1      | 2034 ||| Stepping randomly (stuck).
  2035 | D:1      | 2035 ||| Stepping randomly (stuck).
  2036 | D:1      | 2036 ||| Stepping randomly (stuck).
  2037 | D:1      | 2037 ||| Stepping randomly (stuck).
  2038 | D:1      | 2038 ||| Stepping randomly (stuck).
  2039 | D:1      | 2039 ||| Stepping randomly (stuck).
  2040 | D:1      | 2040 ||| Stepping randomly (stuck).
  2041 | D:1      | 2041 ||| Stepping randomly (stuck).
  2042 | D:1      | 2042 ||| Stepping randomly (stuck).
  2043 | D:1      | 2043 ||| Stepping randomly (stuck).
  2044 | D:1      | 2044 ||| Stepping randomly (stuck).
  2045 | D:1      | 2045 ||| Stepping randomly (stuck).
  2046 | D:1      | 2046 ||| Stepping randomly (stuck).
  2047 | D:1      | 2047 ||| Stepping randomly (stuck).
  2048 | D:1      | 2048 ||| Stepping randomly (stuck).
  2049 | D:1      | 2049 ||| Stepping randomly (stuck).
  2050 | D:1      | 2050 ||| Stepping randomly (stuck).
  2051 | D:1      | 2051 ||| Stepping randomly (stuck).
  2052 | D:1      | 2052 ||| Stepping randomly (stuck).
  2053 | D:1      | 2053 ||| Stepping randomly (stuck).
  2054 | D:1      | 2054 ||| Stepping randomly (stuck).
  2055 | D:1      | 2055 ||| Stepping randomly (stuck).
  2056 | D:1      | 2056 ||| Stepping randomly (stuck).
  2057 | D:1      | 2057 ||| Stepping randomly (stuck).
  2058 | D:1      | 2058 ||| Stepping randomly (stuck).
  2059 | D:1      | 2059 ||| Stepping randomly (stuck).
  2060 | D:1      | 2060 ||| Stepping randomly (stuck).
  2061 | D:1      | 2061 ||| Stepping randomly (stuck).
  2062 | D:1      | 2062 ||| Stepping randomly (stuck).
  2063 | D:1      | 2063 ||| Stepping randomly (stuck).
  2064 | D:1      | 2064 ||| Stepping randomly (stuck).
  2065 | D:1      | 2065 ||| Stepping randomly (stuck).
  2066 | D:1      | 2066 ||| Stepping randomly (stuck).
  2067 | D:1      | 2067 ||| Stepping randomly (stuck).
  2068 | D:1      | 2068 ||| Stepping randomly (stuck).
  2069 | D:1      | 2069 ||| Stepping randomly (stuck).
  2070 | D:1      | 2070 ||| Stepping randomly (stuck).
  2071 | D:1      | 2071 ||| Stepping randomly (stuck).
  2072 | D:1      | 2072 ||| Stepping randomly (stuck).
  2073 | D:1      | 2073 ||| Stepping randomly (stuck).
  2074 | D:1      | 2074 ||| Stepping randomly (stuck).
  2075 | D:1      | 2075 ||| Stepping randomly (stuck).
  2076 | D:1      | 2076 ||| Stepping randomly (stuck).
  2077 | D:1      | 2077 ||| Stepping randomly (stuck).
  2078 | D:1      | 2078 ||| Stepping randomly (stuck).
  2079 | D:1      | 2079 ||| Stepping randomly (stuck).
  2080 | D:1      | 2080 ||| Stepping randomly (stuck).
  2081 | D:1      | 2081 ||| Stepping randomly (stuck).
  2082 | D:1      | 2082 ||| Stepping randomly (stuck).
  2083 | D:1      | 2083 ||| Stepping randomly (stuck).
  2084 | D:1      | 2084 ||| Stepping randomly (stuck).
  2085 | D:1      | 2085 ||| Stepping randomly (stuck).
  2086 | D:1      | 2086 ||| Stepping randomly (stuck).
  2087 | D:1      | 2087 ||| Stepping randomly (stuck).
  2088 | D:1      | 2088 ||| Stepping randomly (stuck).
  2089 | D:1      | 2089 ||| Stepping randomly (stuck).
  2090 | D:1      | 2090 ||| Stepping randomly (stuck).
  2091 | D:1      | 2091 ||| Stepping randomly (stuck).
  2092 | D:1      | 2092 ||| Stepping randomly (stuck).
  2093 | D:1      | 2093 ||| Stepping randomly (stuck).
  2094 | D:1      | 2094 ||| Stepping randomly (stuck).
  2095 | D:1      | 2095 ||| Stepping randomly (stuck).
  2096 | D:1      | 2096 ||| Stepping randomly (stuck).
  2097 | D:1      | 2097 ||| Stepping randomly (stuck).
  2098 | D:1      | 2098 ||| Stepping randomly (stuck).
  2099 | D:1      | 2099 ||| Stepping randomly (stuck).
  2100 | D:1      | 2100 ||| Stepping randomly (stuck).
  2101 | D:1      | 2101 ||| Stepping randomly (stuck).
  2102 | D:1      | 2102 ||| Stepping randomly (stuck).
  2103 | D:1      | 2103 ||| Stepping randomly (stuck).
  2104 | D:1      | 2104 ||| Stepping randomly (stuck).
  2105 | D:1      | 2105 ||| Stepping randomly (stuck).
  2106 | D:1      | 2106 ||| Stepping randomly (stuck).
  2107 | D:1      | 2107 ||| Stepping randomly (stuck).
  2108 | D:1      | 2108 ||| Stepping randomly (stuck).
  2109 | D:1      | 2109 ||| Stepping randomly (stuck).
  2110 | D:1      | 2110 ||| Stepping randomly (stuck).
  2111 | D:1      | 2111 ||| Stepping randomly (stuck).
  2112 | D:1      | 2112 ||| Stepping randomly (stuck).
  2113 | D:1      | 2113 ||| Stepping randomly (stuck).
  2114 | D:1      | 2114 ||| Stepping randomly (stuck).
  2115 | D:1      | 2115 ||| Stepping randomly (stuck).
  2116 | D:1      | 2116 ||| Stepping randomly (stuck).
  2117 | D:1      | 2117 ||| Stepping randomly (stuck).
  2118 | D:1      | 2118 ||| Stepping randomly (stuck).
  2119 | D:1      | 2119 ||| Stepping randomly (stuck).
  2120 | D:1      | 2120 ||| Stepping randomly (stuck).
  2121 | D:1      | 2121 ||| Stepping randomly (stuck).
  2122 | D:1      | 2122 ||| Stepping randomly (stuck).
  2123 | D:1      | 2123 ||| Stepping randomly (stuck).
  2124 | D:1      | 2124 ||| Stepping randomly (stuck).
  2125 | D:1      | 2125 ||| Stepping randomly (stuck).
  2126 | D:1      | 2126 ||| Stepping randomly (stuck).
  2127 | D:1      | 2127 ||| Stepping randomly (stuck).
  2128 | D:1      | 2128 ||| Stepping randomly (stuck).
  2129 | D:1      | 2129 ||| Stepping randomly (stuck).
  2130 | D:1      | 2130 ||| Stepping randomly (stuck).
  2131 | D:1      | 2131 ||| Stepping randomly (stuck).
  2132 | D:1      | 2132 ||| Stepping randomly (stuck).
  2133 | D:1      | 2133 ||| Stepping randomly (stuck).
  2134 | D:1      | 2134 ||| Stepping randomly (stuck).
  2135 | D:1      | 2135 ||| Stepping randomly (stuck).
  2136 | D:1      | 2136 ||| Stepping randomly (stuck).
  2137 | D:1      | 2137 ||| Stepping randomly (stuck).
  2138 | D:1      | 2138 ||| Stepping randomly (stuck).
  2139 | D:1      | 2139 ||| Stepping randomly (stuck).
  2140 | D:1      | 2140 ||| Stepping randomly (stuck).
  2141 | D:1      | 2141 ||| Stepping randomly (stuck).
  2142 | D:1      | 2142 ||| Stepping randomly (stuck).
  2143 | D:1      | 2143 ||| Stepping randomly (stuck).
  2144 | D:1      | 2144 ||| Stepping randomly (stuck).
  2145 | D:1      | 2145 ||| Stepping randomly (stuck).
  2146 | D:1      | 2146 ||| Stepping randomly (stuck).
  2147 | D:1      | 2147 ||| Stepping randomly (stuck).
  2148 | D:1      | 2148 ||| Stepping randomly (stuck).
  2149 | D:1      | 2149 ||| Stepping randomly (stuck).
  2150 | D:1      | 2150 ||| Stepping randomly (stuck).
  2151 | D:1      | 2151 ||| Stepping randomly (stuck).
  2152 | D:1      | 2152 ||| Stepping randomly (stuck).
  2153 | D:1      | 2153 ||| Stepping randomly (stuck).
  2154 | D:1      | 2154 ||| Stepping randomly (stuck).
  2155 | D:1      | 2155 ||| Stepping randomly (stuck).
  2156 | D:1      | 2156 ||| Stepping randomly (stuck).
  2157 | D:1      | 2157 ||| Stepping randomly (stuck).
  2158 | D:1      | 2158 ||| Stepping randomly (stuck).
  2159 | D:1      | 2159 ||| Stepping randomly (stuck).
  2160 | D:1      | 2160 ||| Stepping randomly (stuck).
  2161 | D:1      | 2161 ||| Stepping randomly (stuck).
  2162 | D:1      | 2162 ||| Stepping randomly (stuck).
  2163 | D:1      | 2163 ||| Stepping randomly (stuck).
  2164 | D:1      | 2164 ||| Stepping randomly (stuck).
  2165 | D:1      | 2165 ||| Stepping randomly (stuck).
  2166 | D:1      | 2166 ||| Stepping randomly (stuck).
  2167 | D:1      | 2167 ||| Stepping randomly (stuck).
  2168 | D:1      | 2168 ||| Stepping randomly (stuck).
  2169 | D:1      | 2169 ||| Stepping randomly (stuck).
  2170 | D:1      | 2170 ||| Stepping randomly (stuck).
  2171 | D:1      | 2171 ||| Stepping randomly (stuck).
  2172 | D:1      | 2172 ||| Stepping randomly (stuck).
  2173 | D:1      | 2173 ||| Stepping randomly (stuck).
  2174 | D:1      | 2174 ||| Stepping randomly (stuck).
  2175 | D:1      | 2175 ||| Stepping randomly (stuck).
  2176 | D:1      | 2176 ||| Stepping randomly (stuck).
  2177 | D:1      | 2177 ||| Stepping randomly (stuck).
  2178 | D:1      | 2178 ||| Stepping randomly (stuck).
  2179 | D:1      | 2179 ||| Stepping randomly (stuck).
  2180 | D:1      | 2180 ||| Stepping randomly (stuck).
  2181 | D:1      | 2181 ||| Stepping randomly (stuck).
  2182 | D:1      | 2182 ||| Stepping randomly (stuck).
  2183 | D:1      | 2183 ||| Stepping randomly (stuck).
  2184 | D:1      | 2184 ||| Stepping randomly (stuck).
  2185 | D:1      | 2185 ||| Stepping randomly (stuck).
  2186 | D:1      | 2186 ||| Stepping randomly (stuck).
  2187 | D:1      | 2187 ||| Stepping randomly (stuck).
  2188 | D:1      | 2188 ||| Stepping randomly (stuck).
  2189 | D:1      | 2189 ||| Stepping randomly (stuck).
  2190 | D:1      | 2190 ||| Stepping randomly (stuck).
  2191 | D:1      | 2191 ||| Stepping randomly (stuck).
  2192 | D:1      | 2192 ||| Stepping randomly (stuck).
  2193 | D:1      | 2193 ||| Stepping randomly (stuck).
  2194 | D:1      | 2194 ||| Stepping randomly (stuck).
  2195 | D:1      | 2195 ||| Stepping randomly (stuck).
  2196 | D:1      | 2196 ||| Stepping randomly (stuck).
  2197 | D:1      | 2197 ||| Stepping randomly (stuck).
  2198 | D:1      | 2198 ||| Stepping randomly (stuck).
  2199 | D:1      | 2199 ||| Stepping randomly (stuck).
  2200 | D:1      | 2200 ||| Stepping randomly (stuck).
  2201 | D:1      | 2201 ||| Stepping randomly (stuck).
  2202 | D:1      | 2202 ||| Stepping randomly (stuck).
  2203 | D:1      | 2203 ||| Stepping randomly (stuck).
  2204 | D:1      | 2204 ||| Stepping randomly (stuck).
  2205 | D:1      | 2205 ||| Stepping randomly (stuck).
  2206 | D:1      | 2206 ||| Stepping randomly (stuck).
  2207 | D:1      | Quit the game

Levels and vault maps discovered:
D:1:      minmay_arrival_up_and_down, layout_basic

Skill      XL: |  1  2 |
---------------+-------+-----
Axes           | 1 |  1.5
Fighting       | 1 |  1.1
Dodging        | |  1.7
Stealth        | |  2.1
Spellcasting   | |  1.7
Summonings     | |  3.6

Action                   || total
-------------------------++-------
Melee: Unarmed           ||    15
       Dagger            ||     9
       Trident           ||    15
 Cast: Summon Small Mamm ||    27
  Use: Scroll            ||     5
Armor: Robe              ||     4
Dodge: Dodged            ||    21

Table legend:
 A = Non-vault XP
 B = Vault XP
 C = Vault XP percentage of total XP
 D = Non-vault monster count
 E = Vault monster count
 F = Vault count percentage of total count
                 A         B        C        D         E       F
            +---------+---------+-------+---------+---------+-------
      Total |      25 |       0 |   0.0 |      12 |       0 |   0.0
            +---------+---------+-------+---------+---------+-------
        D:1 |      25 |       0 |   0.0 |      12 |       0 |   0.0
            +---------+---------+-------+---------+---------+-------
